 Dungeon Crawl Stone Soup version 0.31-a0-1-g4198be8af4 (webtiles) character file.

Game seed: 14645022737899852536

2000 jasper the Gusty (level 9, -8/64 HPs)
             Began as a Demonspawn Air Elementalist on May 1, 2023.
             Was an Initiate of Ru.
             Mangled by an ogre
             ... wielding a +0 giant club
              (24 damage)
             ... on level 6 of the Dungeon.
             The game lasted 00:10:13 (8040 turns).

jasper the Gusty (Demonspawn Air Elementalist)      Turns: 8040, Time: 00:10:13

Health: -8/64      AC:  6    Str:  8    XL:     9   Next: 2%
Magic:  0/17       EV: 13    Int: 22    God:    Ru [......]
Gold:   316        SH:  0    Dex: 13    Spells: 8/19 levels left

rFire   . . .        k - +2 short sword (venom)
rCold   . . .        (no shield)
rNeg    . . .        a - +1 robe
rPois   .            (helmet restricted)
rElec   .            u - scarf {repulsion}
rCorr   .            (no gloves)
SInv    .            y - +0 pair of boots
Will    .....        n - amulet of the acrobat
Stlth   ++           (no ring)
HPRegen 0.30/turn    (no ring)
MPRegen 0.15/turn

%: repel missiles, acrobat
@: no status effects
A: antennae 2, icy blue scales 1, powered by pain 1
a: Renounce Religion


You were on level 6 of the Dungeon.
You worshipped Ru.
Ru was noncommittal.
You visited 2 branches of the dungeon, and saw 7 of its levels.

You collected 316 gold pieces.

Inventory:

Hand Weapons
 b - a +0 dagger
 g - a +0 mace
 i - a +0 flail
 k - a +2 short sword of venom (weapon)
Armour
 a - a +1 robe (worn)
 u - a scarf of repulsion (worn)
 y - a +0 pair of boots (worn)
Magical Staves
 p - a staff of fire
Jewellery
 n - an amulet of the acrobat (around neck)
Wands
 A - a wand of polymorph (9)
Scrolls
 h - a scroll of fog
 r - a scroll of enchant armour
 t - a scroll of enchant weapon
 w - a scroll of immolation
 x - a scroll of poison
 B - a scroll of magic mapping
Potions
 c - a potion of haste
 d - 2 potions of cancellation
 e - 2 potions of degeneration
 f - 4 potions of heal wounds
 j - a potion of might {unknown}
 l - a potion of invisibility {unknown}
 m - a potion of lignification {unknown}
 o - 2 potions of flight {unknown}
 q - 3 potions of mutation {unknown}
 v - 2 potions of berserk rage {unknown}
 z - a potion of curing {unknown}


   Skills:
 + Level 3.3 Fighting
 + Level 3.6 Dodging
 - Level 1.7 Stealth
 * Level 5.9 Spellcasting
 * Level 6.1 Conjurations
 * Level 6.2 Air Magic


You had 8 spell levels left.
You knew the following spells:

 Your Spells              Type           Power      Damage    Failure   Level
a - Shock                 Conj/Air       100%       1d9       1%          1
b - Static Discharge      Conj/Air       66%        2-5/arc   1%          2
c - Swiftness             Air            33%        N/A       2%          3
d - Airstrike             Air            16%        2d(3-19)  7%          4
e - Apportation           Tloc           12%        N/A       10%         1

Your spell library contained the following spells:

 Spells                   Type           Power      Damage    Failure   Level
 Alistair's Intoxication  Tmut/Pois      4%         N/A       95%         5


Dungeon Overview and Level Annotations

Branches:
Dungeon (6/15)             Temple (1/1) D:5

Altars:
Ashenzari
Cheibriados
Dithmenos
Gozag
Hepliaklqana
Kikubaaqudgha
Makhleb
Nemelex Xobeh
Qazlal
Ru
Sif Muna
Trog
Uskayaw
Yredelemnul


Innate Abilities, Weirdness & Mutations

You have a pair of antennae on your head.
You are partially covered in icy blue scales. (AC +2)
You sometimes gain a little power by taking damage.


Message History

Your experience leads to an increase in your attributes!
Increase (S)trength, (I)ntelligence, or (D)exterity?
You feel clever. x2; Your demonic ancestry asserts itself...
Icy blue scales grow over part of your body.
You regained 4 hp, and now have 40/64 hp.
Casting: Static Discharge (safe; 1% risk of failure)
Confirm with . or Enter, or press ? or * to list all spells.
The ogre is struck by an arc of lightning.
The ogre is lightly wounded.
You are struck by an arc of lightning.
The ogre is struck by an arc of lightning.
The ogre is moderately wounded.
The lightning grounds out.
The ogre closely misses you.
You take 1 damage, and have 39/64 hp.
You now have 5/17 mp.
Casting: Static Discharge (safe; 1% risk of failure)
Confirm with . or Enter, or press ? or * to list all spells.
The ogre is struck by an arc of lightning.
The ogre is heavily wounded.
You are struck by an arc of lightning.
The ogre is struck by an arc of lightning.
The ogre is severely wounded.
You are struck by an arc of lightning.
The lightning grounds out.
The ogre hits you with a +0 giant club.
You take 3 damage, and have 36/64 hp.
You now have 3/17 mp.
Casting: Static Discharge (safe; 1% risk of failure)
Confirm with . or Enter, or press ? or * to list all spells.
The ogre is struck by an arc of lightning!
The ogre is almost dead.
You are struck by an arc of lightning.
The lightning grounds out.
You take 5 damage, and have 31/64 hp.
You now have 1/17 mp.
Aiming: Shock (safe; 1% risk of failure)
Press: ? - help, Q - select action, (/) - cycle Shift-Dir - straight line The zap misses the ogre.
The ogre hits you with a +0 giant club!
* * * LOW HITPOINT WARNING * * *
You take 15 damage, and have 16/64 hp.
MASSIVE DAMAGE!!
You now have 0/17 mp.
You completely miss the ogre.
The ogre is almost dead.
The ogre hits you with a +0 giant club!!
You die...

#.....#.....#~{,,,,,~*
#.....#.....#≈,,***.≈#
#.....#.....#≈.*,,*.≈#
#.....####.##≈.*,,♣$≈#
#.....# #.#*≈$♣♣♣..≈#
#...).# #.#*~......≈#
#.....# #.##~~≈{.≈≈≈*
#.....# #..####††#***
####### ##..@O...#
#########


You could see an ogre.

Vanquished Creatures
  A sky beast (D:6)
  An ogre (D:5)
  A black bear (D:3)
  An ice beast (D:6)
  2 phantoms (D:6)
  2 kobold brigands (D:6)
  A bullfrog (D:6)
  A necrophage (D:5)
  6 scorpions
  A howler monkey (D:6)
  3 jellies
  4 hounds
  4 sleepcaps
  2 iguanas
  3 orc wizards (D:4)
  A hound skeleton (D:5)
  8 gnolls
  19 adders
  A white imp (D:6)
  3 ufetubi
  4 worms
  3 dart slugs
  14 orcs
  7 ball pythons
  4 endoplasms
  4 giant cockroaches
  8 goblins
  4 hobgoblins
  3 jackals (D:3)
  2 quokkas
  12 kobolds
  4 rats
134 creatures vanquished.

Notes
Turn   | Place    | Note
-------+----------+-------------------------------------------
     0 | D:1      | jasper the Demonspawn Air Elementalist began the quest for
                  | the Orb.
     0 | D:1      | Reached XP level 1. HP: 13/13 MP: 3/3
   584 | D:2      | Gained mutation: You have a pair of small antennae on your
                  | head. [demonic ancestry]
   584 | D:2      | Reached XP level 2. HP: 6/19 MP: 0/5
   706 | D:3      | Reached XP level 3. HP: 24/24 MP: 1/6
   709 | D:3      | Learned a level 2 spell: Static Discharge
   713 | D:3      | Learned a level 3 spell: Swiftness
   756 | D:3      | Noticed a black bear
   772 | D:3      | Killed a black bear
   773 | D:3      | Reached XP level 4. HP: 21/30 MP: 2/8
  1151 | D:2      | Reached XP level 5. HP: 35/35 MP: 6/9
  1996 | D:2      | Learned a level 4 spell: Airstrike
  2796 | D:3      | Gained mutation: You sometimes gain a little power by
                  | taking damage. [demonic ancestry]
  2796 | D:3      | Reached XP level 6. HP: 37/42 MP: 7/11
  3257 | D:4      | Reached skill level 1 in Fighting
  4200 | D:4      | You fall into a shaft and drop 2 floors!
  4205 | D:6      | Noticed an ice beast
  4213 | D:6      | Killed an ice beast
  4214 | D:6      | Gained mutation: You have a pair of antennae on your head.
                  | [demonic ancestry]
  4214 | D:6      | Reached XP level 7. HP: 48/48 MP: 4/13
  4368 | D:5      | Entered Level 5 of the Dungeon
  4370 | D:5      | Found a staircase to the Ecumenical Temple.
  4379 | Temple   | Entered the Ecumenical Temple
  5555 | D:4      | Reached skill level 5 in Air Magic
  6312 | D:5      | Found a burning altar of Makhleb.
  6318 | D:5      | Reached XP level 8. HP: 50/57 MP: 7/15
  6399 | D:5      | Reached skill level 5 in Conjurations
  6467 | D:5      | Found a sacrificial altar of Ru.
  6472 | D:5      | Reached skill level 5 in Spellcasting
  6482 | D:5      | Became a worshipper of Ru the Awakened
  6728 | D:5      | Learned a level 1 spell: Apportation
  8036 | D:6      | Gained mutation: You are partially covered in icy blue
                  | scales. (AC +2) [demonic ancestry]
  8036 | D:6      | Reached XP level 9. HP: 40/64 MP: 6/17
  8040 | D:6      | Mangled by an ogre

Illustrated notes

Levels and vault maps discovered:
D:1:      dpeg_arrival_rooms_with_view, layout_rooms
D:2:      layout_loops_ring
D:3:      minmay_bubble_buster, layout_loops_ring,
          hangedman_abyss_or_decor_lesser_grid
D:4:      minmay_octagon_keep, layout_loops_corners, minivault_5, dk_vineyard_1
D:5:      layout_loops_corners, nicolae_ru_sacrificial_ziggurat,
          makhleb_blood_cavern_becter, minmay_temple_entry_butterflies
D:6:      layout_basic, corexii_shack, nicolae_sextant,
          kennysheep_generic_room_7
Temple:   jpeg_temple_clearing

Skill      XL: |  1  2  3  4  5  6  7  8 |
---------------+-------------------------+-----
Air Magic      | 3 4 5 6 |  6.2
Spellcasting   | 3 4 5 |  5.9
Conjurations   | 2 3 4 6 |  6.1
Dodging        | 2 3 |  3.6
Fighting       | 1 2 3 |  3.3
Stealth        | |  1.7

Action                     |  1- 3 |  4- 6 |  7- 9 || total
---------------------------+-------+-------+-------++-------
  Melee: Unarmed           |     9 |       |       ||     9
         Mace              |     6 |     3 |       ||     9
         Short sword       |       |    15 |    28 ||    43
         Flail             |       |     1 |       ||     1
         Punch             |       |       |     1 ||     1
   Cast: Shock             |    33 |   138 |   153 ||   324
         Static Discharge  |       |    18 |    30 ||    48
         Airstrike         |       |     2 |       ||     2
    Use: Scroll            |     2 |     8 |     6 ||    16
         Potion            |     1 |       |       ||     1
   Stab: Sleeping          |       |     1 |       ||     1
 Armour: Robe              |     6 |     8 |    12 ||    26
  Dodge: Dodged            |    10 |    37 |    66 ||   113

Table legend: (Time is in decaauts)
 A = Elapsed time spent in this place.
 B = Non-inter-level travel time spent in this place.
 C = Inter-level travel time spent in this place.
 D = Time resting spent in this place.
 E = Time spent auto-exploring this place.
 F = Levels seen in this place.
 G = Mean time per level.
                   A        B        C        D        E       F      G
               +--------+--------+--------+--------+--------+-----+--------+
         Total |   8043 |   7700 |    343 |    331 |   6326 |   7 | 1149.0 |
       Dungeon |   7956 |   7630 |    326 |    331 |   6271 |   6 | 1326.0 |
        Temple |     86 |     69 |     17 |      0 |     55 |   1 |   86.0 |
               +--------+--------+--------+--------+--------+-----+--------+

Top non-repeatable levels by time:
     D:4: 1987 daAuts
     D:3: 1602 daAuts
     D:5: 1516 daAuts
     D:6: 1206 daAuts
     D:2: 1102 daAuts
     D:1: 539 daAuts
  Temple: 86 daAuts
